 Dungeon Crawl Stone Soup version 0.30.1-3-gfc49f6343a (webtiles) character file.

Game seed: 9270080801151834791

21 spardeous the Conjurer (level 2, 0/20 HPs)
             Began as a Demigod Conjurer on July 31, 2023.
             Slain by a cerulean imp
             ... wielding a +2 spear
             ... summoned by Natasha
              (3 damage)
             ... on level 2 of the Dungeon.
             The game lasted 00:00:53 (1302 turns).

spardeous the Conjurer (Demigod Conjurer)           Turns: 1302, Time: 00:00:53

Health: 0/20       AC:  3    Str:  8    XL:     2   Next: 48%
Magic:  1/7        EV: 12    Int: 20    God:
Gold:   100        SH:  0    Dex: 12    Spells: 2/5 levels left

rFire   . . .        (no weapon)
rCold   . . .        (no shield)
rNeg    . . .        a - +0 robe
rPois   .            (no helmet)
rElec   .            (no cloak)
rCorr   .            f - +0 pair of gloves
SInv    .            (no boots)
Will    .....        (no amulet)
Stlth   ++           (no ring)
HPRegen 0.23/turn    (no ring)
MPRegen 0.10/turn

%: no passive effects
@: slowed, very slow
A: high MP 1, forlorn, divine attributes
a: no special abilities


You were on level 2 of the Dungeon.
You visited 1 branch of the dungeon, and saw 2 of its levels.

You collected 100 gold pieces.

Inventory:

Armour
 a - a +0 robe (worn)
 f - a +0 pair of gloves (worn)
Jewellery
 k - a +6 ring of intelligence
Scrolls
 d - a scroll of teleportation {unknown}
 g - a scroll of enchant weapon {unknown}
 i - 2 scrolls of identify {unknown}
 l - a scroll of noise {unknown}
 o - a scroll of vulnerability {unknown}
Potions
 b - 3 potions of magic
 c - 2 potions of flight {unknown}
 e - 2 potions of heal wounds
 h - a potion of attraction {unknown}
 j - a potion of ambrosia {unknown}
 m - a potion of degeneration {unknown}
 n - a potion of resistance {unknown}


   Skills:
 - Level 1.7 Dodging
 - Level 1.7 Stealth
 + Level 2.3 Spellcasting
 + Level 4.0 Conjurations


You had 2 spell levels left.
You knew the following spells:

 Your Spells              Type           Power      Damage    Failure   Level
a - Magic Dart            Conj           72%        1d6       3%          1
b - Searing Ray           Conj           36%        2d5       4%          2

Your spell library contained the following spells:

 Spells                   Type           Power      Damage    Failure   Level
 Dazzling Flash           Conj/Hex       20%        N/A       21%         3
 Fulminant Prism          Conj/Hex       5%         3d7       54%         4
 Iskenderun's Mystic Bla  Conj/Tloc      10%        2d4       54%         4


Dungeon Overview and Level Annotations

Branches:
Dungeon (2/15)

Annotations:
D:2 Natasha


Innate Abilities, Weirdness & Mutations

You have an increased reservoir of magic. (+10% MP)
You shall have no god before yourself.
Your divine heritage dramatically boosts your attributes as you level up.


Message History

Natasha is nearby!
Casting: Magic Dart (safe; 3% risk of failure)
Confirm with . or Enter, or press ? or * to list all spells.
Aiming: Magic Dart (safe; 3% risk of failure)
Press: ? - help, Shift-Dir - straight line, f/p - Natasha
Aim: Natasha (heavily wounded, 100% to hit)
The magic dart hits Natasha.
Natasha is severely wounded.
Natasha mumbles some strange words.
There are monsters nearby!
Casting: Magic Dart (safe; 3% risk of failure)
Confirm with . or Enter, or press ? or * to list all spells.
You don't have enough magic to cast this spell.
Natasha claws you.
* * * LOW HITPOINT WARNING * * *
You take 11 damage, and have 9/20 hp.
MASSIVE DAMAGE!!
You now have 1/7 mp.
Unknown command.
Unknown command.
Casting: Magic Dart (safe; 3% risk of failure)
Confirm with . or Enter, or press ? or * to list all spells.
You don't have enough magic to cast this spell.
Casting: Magic Dart (safe; 3% risk of failure)
Confirm with . or Enter, or press ? or * to list all spells.
Okay, then.
Natasha extends her claws.
Natasha mumbles some strange words.
The cerulean imp hits you from afar with a +2 spear.
* * * LOW HITPOINT WARNING * * *
You take 1 damage, and have 8/20 hp.
The cerulean imp hits you but does no damage.
The cerulean imp hits you from afar with a +2 spear.
* * * LOW HITPOINT WARNING * * *
You take 4 damage, and have 4/20 hp.
The cerulean imp barely misses you.
The cerulean imp hits you from afar with a +2 spear.
* * * LOW HITPOINT WARNING * * *
You take 2 damage, and have 2/20 hp.
The cerulean imp hits you but does no damage.
The cerulean imp hits you from afar with a +2 spear.
You die...

.........#
#####.###.#
.!.......########
#.....# #.#
#..##.....#
#.##### #..
#..####...###.#
##.
#....###...##.# ##
#....h###..##.# #
####55.###.##.# #
##...##.##.#
##@.......#
#.##...###
#.###..#
#.###..#####
#..........#
###.##.....#######
.. ##..........[
#. #...##...###
#...####...#


You could see Natasha and 2 cerulean imps.

Vanquished Creatures
  A bat (D:1)
  2 endoplasms
  2 goblins (D:1)
  2 hobgoblins (D:1)
  4 jackals (D:2)
  2 quokkas
  A frilled lizard (D:1)
  2 kobolds
  A rat (D:1)
17 creatures vanquished.

Notes
Turn   | Place    | Note
-------+----------+-------------------------------------------
     0 | D:1      | spardeous the Demigod Conjurer began the quest for the Orb.
     0 | D:1      | Reached XP level 1. HP: 14/14 MP: 5/5
   670 | D:1      | Reached XP level 2. HP: 20/20 MP: 3/7
  1089 | D:2      | Reached skill level 4 in Conjurations
  1104 | D:2      | Learned a level 2 spell: Searing Ray
  1289 | D:2      | Noticed Natasha
  1302 | D:2      | Slain by a cerulean imp

Illustrated notes

Levels and vault maps discovered:
D:1:      psy_arrival_basics, layout_basic
D:2:      layout_rooms, basic_altar, uniq_natasha, uniq_crazy_yiuf_cottage,
          uniq_terence

Skill      XL: |  1  2 |
---------------+-------+-----
Spellcasting   | 2 |  2.3
Conjurations   | 4 |  4.0
Dodging        | |  1.7
Stealth        | |  1.7

Action                     || total
---------------------------++-------
  Melee: Unarmed           ||    30
   Cast: Magic Dart        ||    32
 Armour: Robe              ||    11
  Dodge: Dodged            ||    31
